 Dungeon Crawl Stone Soup version 0.19.4-10-g532645f (webtiles) character file.

103 nikopol the Skirmisher (level 4, 0/29 HPs)
             Began as a Gargoyle Berserker on Feb 25, 2017.
             Was a Believer of Trog.
             Slain by Robin
             ... wielding a +0 trident
              (1 damage)
             ... while paralysed
             ... on level 3 of the Dungeon.
             The game lasted 00:03:58 (2070 turns).

nikopol the Skirmisher (Gargoyle Berserker)         Turns: 2070, Time: 00:03:59

Health: 0/29       AC:  9    Str: 21    XL:     4   Next: 79%
Magic:  4/4        EV:  2    Int:  7    God:    Trog [**....]
Gold:   100        SH:  0    Dex: 10    Spells: 0 memorised, 3 levels left

rFire  . . .     SeeInvis .     a - +0 mace
rCold  . . .     Gourm    .     f - +0 ring mail
rNeg   + . .     Faith    .     (no shield)
rPois  ∞         Spirit   .     (no helmet)
rElec  +         Reflect  .     (no cloak)
rCorr  .         Harm     .     (no gloves)
MR     .....                    (no boots)
Stlth  ..........               (no amulet)
                                (no ring)
                                (no ring)

@: paralysed, exhausted, slowed
A: negative energy resistance 1, electricity resistance, unbreathing,
petrification resistance, rot immunity, AC +3
a: Berserk, Trog's Hand, Burn Spellbooks, Renounce Religion


You were on level 3 of the Dungeon.
You worshipped Trog.
Trog was pleased with you.
You were hungry.

You visited 1 branch of the dungeon, and saw 3 of its levels.

You collected 100 gold pieces.

Inventory:

Hand Weapons
 a - a +0 mace (weapon)
Armour
 b - a +0 animal skin
 f - a +0 ring mail (worn)
Scrolls
 e - 2 scrolls of remove curse
Potions
 d - a potion of resistance {unknown}
 g - 2 potions of curing {unknown}
 j - a potion of mutation {unknown}
 o - a potion of berserk rage {unknown}
Comestibles
 c - 2 bread rations
 h - a beef jerky
 m - a meat ration


   Skills:
 + Level 4.1 Fighting
 + Level 3.8 Maces & Flails
 + Level 3.1 Armour
 + Level 2.3 Dodging


You had 3 spell levels left.
You didn't know any spells.

Dungeon Overview and Level Annotations

Branches:
Dungeon (3/15)

Altars:
Fedhas

Annotations:
D:3 Robin


Innate Abilities, Weirdness & Mutations

You are resistant to torment.
Your stone body is resilient. (AC +3)
You are immune to poison.
You resist negative energy. (rN+)
You are resistant to electric shocks. (rElec)
You can survive without breathing.
You are immune to petrification.
You are immune to rotting.


Message History

The goblin no longer looks unusually strong.
The goblin hits you.
* * * LOW HITPOINT WARNING * * *
The goblin hits you but does no damage.
You sock the goblin!
You kill the goblin!
Trog accepts your kill. Robin barely misses you.
The goblin hits you but does no damage.
You closely miss the goblin. Robin hits you but does no damage.
The goblin closely misses you.
You bludgeon the goblin!!
You kill the goblin!
Trog accepts your kill.
Robin hits you from afar with a trident.
* * * LOW HITPOINT WARNING * * *
You are no longer berserk.
You pass out from exhaustion.
You feel yourself slow down. Robin hits you with a trident.
You die...

.......#.#
.#
.....+.##.#
....#....
..####$....#
......)....#
#..........#
######.....#
#..g..#
####@## #†#
#)# #.# #.#
#.# #.# #.#
#########(#


You could see Robin.

Vanquished Creatures
  Ijyb (D:2)
  2 adders (D:2)
  A dart slug (D:1)
  A leopard gecko (D:1)
  3 giant cockroaches
  15 goblins
  6 hobgoblins
  A quokka (D:2)
  A ball python (D:2)
  6 bats
  4 frilled lizards
  7 kobolds
  6 rats
54 creatures vanquished.

Notes
Turn   | Place    | Note
-------+----------+-------------------------------------------
     0 | D:1      | nikopol the Gargoyle Berserker began the quest for the Orb.
     0 | D:1      | Reached XP level 1. HP: 14/14 MP: 1/1
   484 | D:1      | Reached XP level 2. HP: 13/19 MP: 2/2
   901 | D:1      | Reached XP level 3. HP: 23/23 MP: 3/3
  1441 | D:2      | Reached ** piety under Trog
  1491 | D:2      | Noticed Ijyb
  1504 | D:2      | Killed Ijyb
  1504 | D:2      | Reached XP level 4. HP: 27/29 MP: 4/4
  1683 | D:2      | Found a blossoming altar of Fedhas.
  1846 | D:2      | Reached skill level 4 in Fighting
  2044 | D:3      | Noticed Robin
  2065 | D:3      | HP: 2/43 [goblin[Robin] (2)]
  2070 | D:3      | Slain by Robin

Skill      XL: |  1  2  3  4 |
---------------+-------------+-----
Dodging        | 2 |  2.3
Fighting       | 4 |  4.1
Armour         | 3 |  3.1
Maces & Flails | |  3.8

Action                   |  1- 3 |  4- 6 || total
-------------------------+-------+-------++-------
Melee: Mace              |   120 |    63 ||   183
Invok: Burn Spellbooks   |       |     1 ||     1
       Berserk           |       |     1 ||     1
  Use: Scroll            |       |     5 ||     5
  Eat: Chunk             |     2 |     2 ||     4
Armor: Ring mail         |    66 |    48 ||   114
       Animal skin       |     1 |       ||     1
Dodge: Dodged            |    68 |    58 ||   126
